AoeStats
← Zero Vitae

Arena

510250654Analyzed
1v1 RM · 23h ago on Sep 30, 2026· 28m 19s· 2 players
Game mode
Random Map
Map size
Tiny (2 player)
Population
200
Speed
Normal
Resources
Standard
Victory
Conquest
Starting age
Dark Age
Ending age
Imperial Age
RankedLock teamsTeams togetherTeam positionsShared explorationLock speedFull tech treeHidden civsTurbo modeCheats
Victory
Defeat
🇨🇴 Persians · Colombia
1037
+14
🇺🇸 Huns · United States
1000
-42
Zero Vitae
9:38 Loom
11:23 Feudal Age
12:40 Double-Bit Axe
16:04 Castle Age
15:25 Gold Mining
17:41 Wheelbarrow
18:05 Forging
19:18 Bow Saw
20:02 Horse Collar
22:47 Scale Barding Armor
23:52 Iron Casting
25:23 Husbandry
26:33 Bloodlines
slideguy
9:07 Feudal Age
15:32 Double-Bit Axe
15:31 Horse Collar
24:39 Castle Age
Connection lost

Rejoining the realm…

Still unreachable

The connection could not be restored.

Session expired

The server has moved on; the page needs a fresh start.